 Dungeon Crawl Stone Soup version 0.28-a0-1477-g273aa18710 (webtiles) character file.

Game seed: 1417962545018474870

64 MacCMillion the Shield-Bearer (level 4, 0/37 HPs)
             Began as a Formicid Fighter on Jan 11, 2022.
             Succumbed to an adder's poison
             ... on level 2 of the Dungeon.
             The game lasted 00:04:21 (1122 turns).

MacCMillion the Shield-Bearer (Formicid Fighter)    Turns: 1122, Time: 00:04:22

Health: 0/37       AC: 10    Str: 22    XL:     4   Next: 32%
Magic:  4/4        EV:  9    Int:  8    God:
Gold:   17         SH:  4    Dex: 10    Spells: 3/3 levels left

rFire   . . .      SeeInvis +   a - +0 war axe
rCold   . . .      Faith    .   c - +0 buckler
rNeg    . . .      Spirit   .   b - +0 scale mail
rPois   .          Reflect  .   (helmet unavailable)
rElec   .          Harm     .   (no cloak)
rCorr   .          Rampage  .   h - +2 pair of gloves
Will    .....                   (no boots)
Stlth   ..........              (no amulet)
HPRegen 0.12/turn               (no ring)
MPRegen 0.09/turn               (no ring)

@: mighty, brilliant, lethally poisoned (0 -> -13)
A: permanent stasis, dig shafts and tunnels, antennae 3, four strong arms
a: Dig, Shaft Self


You were on level 2 of the Dungeon.
You visited 1 branch of the dungeon, and saw 2 of its levels.

You collected 17 gold pieces.

Inventory:

Hand Weapons
 a - a +0 war axe (weapon)
Armour
 b - a +0 scale mail (worn)
 c - a +0 buckler (worn)
 h - a +2 pair of gloves (worn)
Scrolls
 e - 2 scrolls of teleportation {unknown}
 g - a scroll of noise {unknown}
 i - a scroll of torment {unknown}
 j - a scroll of identify {unknown}
Potions
 d - a potion of might
 f - a potion of brilliance


   Skills:
 + Level 4.0 Fighting
 + Level 2.8 Axes
 + Level 4.0 Armour
 - Level 4.0 Shields


You had 3 spell levels left.
You didn't know any spells.
Your spell library was empty.

Dungeon Overview and Level Annotations

Branches:
Dungeon (2/15)

Altars:

Shops:
D:1 (   D:2 [


Innate Abilities, Weirdness & Mutations

You cannot be hasted, slowed, berserked, paralysed or teleported.
You can dig through walls and to a lower floor.
You have a pair of large antennae on your head. (SInv)
Your four strong arms can wield two-handed weapons with a shield.


Message History

You kill the endoplasm!
The kobold hits you but does no damage.
You are poisoned.
You hit the kobold but do no damage.
You feel sick.
An adder comes into view.
The kobold hits you with a +1 dagger of venom.
You are more poisoned.
You closely miss the kobold.
You feel very sick. The kobold hits you but does no damage.
You are more poisoned.
Okay, then.
You feel very mighty all of a sudden.
You feel very sick. The kobold hits you but does no damage.
You are more poisoned.
You slash the kobold!
You kill the kobold!
You feel very sick.
You feel very sick.
You closely miss the adder.
You feel very sick. The adder bites you but does no damage.
The adder completely misses you.
You barely miss the adder.
You feel very sick. The adder bites you.
* * * LOW HITPOINT WARNING * * *
You are lethally poisoned!
The adder poisons you! The adder bites you.
* * * LOW HITPOINT WARNING * * *
It was a potion of brilliance.
You feel clever all of a sudden.
* * * LOW HITPOINT WARNING * * *
You feel sick. The adder bites you.
* * * LOW HITPOINT WARNING * * *
You are more poisoned.
The adder poisons you!
You slash the adder!
You kill the adder!
You die...

+....# +....# .#..... .
+....# ....... .
+....#### .......
.+++++....... .......
........†.#.# ....... .
#.....#.# .......
.####...∩†#)#####).#....
....†..†........@.......
...#####.####....#....#.
#...# #.# #...........
#.#...##..# #.#.#.#.....
. #.###..##.# #...#.#
.... #.# #..... ...##.#
.. .# #.# #......... ..
. .. #.# ......... .. ..
#.# #......?


There were no monsters in sight!

Vanquished Creatures
  3 adders (D:2)
  4 ball pythons
  5 bats
  2 endoplasms
  3 giant cockroaches (D:1)
  5 goblins (D:1)
  5 hobgoblins (D:1)
  4 quokkas
  3 frilled lizards (D:1)
  4 kobolds
  3 rats (D:1)
41 creatures vanquished.

Notes
Turn   | Place    | Note
-------+----------+-------------------------------------------
     0 | D:1      | MacCMillion the Formicid Fighter began the quest for the
                  | Orb.
     0 | D:1      | Reached XP level 1. HP: 18/18 MP: 1/1
   207 | D:1      | Reached XP level 2. HP: 18/24 MP: 2/2
   527 | D:1      | Reached XP level 3. HP: 29/29 MP: 3/3
   703 | D:1      | Found Tecan's Weapon Shoppe.
  1055 | D:2      | Found Huhexiw's Armour Boutique.
  1076 | D:2      | Reached XP level 4. HP: 34/37 MP: 4/4
  1122 | D:2      | Succumbed to an adder's poison

Illustrated notes

Levels and vault maps discovered:
D:1:      shiori_arrival_oz, layout_basic, serial_shops, shop_fountains
D:2:      layout_rooms, serial_shops, shop,
          hellmonk_ecumenical_altar_heavens_door, minivault_24, uniq_sigmund

Skill      XL: |  1  2  3  4 |
---------------+-------------+-----
Shields        | 4 |  4.0
Armour         | 4 |  4.0
Fighting       | 4 |  4.0
Axes           | |  2.8

Action                   |  1- 3 |  4- 6 || total
-------------------------+-------+-------++-------
Melee: War axe           |   105 |    21 ||   126
  Use: Potion            |       |     2 ||     2
Armor: Scale mail        |    60 |    13 ||    73
Dodge: Dodged            |    47 |     6 ||    53
Block: Buckler           |    29 |     7 ||    36

Table legend: (Time is in decaauts)
 A = Elapsed time spent in this place.
 B = Non-inter-level travel time spent in this place.
 C = Inter-level travel time spent in this place.
 D = Time resting spent in this place.
 E = Time spent auto-exploring this place.
 F = Levels seen in this place.
 G = Mean time per level.
                   A        B        C        D        E       F      G
               +--------+--------+--------+--------+--------+-----+--------+
         Total |   1174 |   1142 |     32 |    137 |    665 |   2 |  587.0 |
       Dungeon |   1174 |   1142 |     32 |    137 |    665 |   2 |  587.0 |
               +--------+--------+--------+--------+--------+-----+--------+

Top non-repeatable levels by time:
     D:1: 1071 daAuts
     D:2: 103 daAuts
